 Dungeon Crawl Stone Soup version 0.29.1-1-gd02db6906a (webtiles) character file.

Game seed: 13652201172705526650

12084 Icepheonix32 the Nimble (level 11, -3/78 HPs)
             Began as a Merfolk Transmuter on Sept 16, 2022.
             Was an Elder of Sif Muna.
             Slain by a seven-headed hydra (14 damage)
             ... on level 1 of the Lair of Beasts.
             The game lasted 00:32:47 (11241 turns).

Icepheonix32 the Nimble (Merfolk Transmuter)       Turns: 11241, Time: 00:32:47

Health: -3/78      AC:  2    Str: 12    XL:     11   Next: 87%
Magic:  17/19      EV: 36    Int: 20    God:    Sif Muna [****..]
Gold:   759        SH:  0    Dex: 25    Spells: 3/21 levels left

rFire   . . .      SeeInvis .     - Unarmed
rCold   + . .      Faith    .   (shield currently unavailable)
rNeg    . . .      Spirit   .   (body armour currently unavailable)
rPois   x          Reflect  .   (helmet currently unavailable)
rElec   .          Harm     .   (cloak currently unavailable)
rCorr   +          Rampage  .   (gloves currently unavailable)
Will    .....                   (boots currently unavailable)
Stlth   ++++......              j - amulet of regeneration
HPRegen 1.03/turn               C - ring of Picreij {rC+ rCorr Int+4 Dex+4}
MPRegen 0.16/turn               y - +4 ring of evasion

@: spider-form, unable to read
A: venomous fangs, tiny, (nimble swimmer 2), (mertail), (horns 1), thin skeletal
structure 1, inability to read after injury 1, noise suppression
a: End Transformation, Renounce Religion, Channel Magic, Forget Spell, Divine
Exegesis


You were on level 1 of the Lair of Beasts.
You worshipped Sif Muna.
Sif Muna was greatly pleased with you.
You were a venomous arachnid creature.
You visited 2 branches of the dungeon, and saw 12 of its levels.
You also visited: Sewer.

You collected 759 gold pieces.

Inventory:

Hand Weapons
 o - a +3 dagger
Missiles
 l - a curare-tipped dart
 r - a throwing net
 x - 4 boomerangs
 A - 3 javelins
Armour
 e - a +3 leather armour of poison resistance (melded)
 i - an orb of energy (melded)
 n - a scarf of repulsion (melded)
 v - a +2 pair of boots (melded)
 B - a +2 pair of gloves (melded)
Jewellery
 a - a +6 ring of strength
 d - a +4 ring of protection
 h - an amulet of magic regeneration
 j - an amulet of regeneration (around neck)
 s - a ring of positive energy
 y - a +4 ring of evasion (right front leg)
 C - the ring of Picreij (left front leg) {rC+ rCorr Int+4 Dex+4}
   (You found it on level 8 of the Dungeon)

   [ring of resist corrosion]

   Int:       It affects your intelligence (+4).
   Dex:       It affects your dexterity (+4).
   rC:        It protects you from cold.
   rCorr:     It protects you from acid and corrosion.
Wands
 k - a wand of flame (16)
 q - a wand of iceblast (7)
 t - a wand of mindburst (1)
Scrolls
 b - a scroll of teleportation
 c - 2 scrolls of vulnerability
 f - a scroll of blinking
 u - a scroll of identify
 D - a scroll of amnesia
 E - 2 scrolls of fog
 F - a scroll of magic mapping
 G - a scroll of silence {unknown}
 H - a scroll of fear {unknown}
Potions
 g - 4 potions of flight
 m - 2 potions of heal wounds
 p - 3 potions of magic
 w - 2 potions of curing
 z - a potion of ambrosia


   Skills:
 + Level 4.6 Fighting
 + Level 0.3 Throwing
 + Level 2.2 Armour
 + Level 10.4 Dodging
 + Level 4.5 Stealth
 - Level 7.0 Unarmed Combat
 + Level 5.9 Spellcasting
 * Level 10.4 Transmutations
 * Level 5.0 Air Magic
 + Level 5.4 Poison Magic
 * Level 6.9 Evocations


You had 3 spell levels left.
You knew the following spells:

 Your Spells              Type           Power      Damage    Failure   Level
a - Beastly Appendage     Tmut           94%        N/A       1%          1
b - Wereblood             Tmut           47%        N/A       2%          2
c - Spider Form           Tmut/Pois      37%        N/A       6%          3
d - Storm Form            Tmut/Air       18%        N/A       99%         7
e - Alistair's Intoxicat  Tmut/Pois      24%        N/A       28%         5

Your spell library contained the following spells:

 Spells                   Type           Power      Damage    Failure   Level
 Apportation              Tloc           10%        N/A       26%         1
 Blink                    Tloc           10%        N/A       34%         2
 Dazzling Flash           Conj/Hex       10%        N/A       54%         3
 Ozocubu's Armour         Ice            5%         N/A       54%         3
 Ice Form                 Ice/Tmut       26%        N/A       28%         4
 Silence                  Hex/Air        8%         N/A       87%         5
 Agony                    Necr           5%         N/A       99%         5
 Manifold Assault         Tloc           5%         N/A       99%         5
 Metabolic Englaciation   Hex/Ice        2%         N/A       99%         5
 Simulacrum               Ice/Necr       2%         N/A       100%        6


Dungeon Overview and Level Annotations

Branches:
Dungeon (11/15)            Temple (0/1) D:6            Lair (1/5) D:8
  Sewer (visited)
    Orc: D:9-12

Altars:
Elyvilon
Sif Muna
Trog
Zin

Shops:
D:1 (


Innate Abilities, Weirdness & Mutations

You are a venomous arachnid creature.
You have poisonous fangs.
You are tiny and dextrous.
Your spellcasting is less reliable in this form.
Your armour is entirely melded.
You are incapable of wielding weapons or throwing items.
((You are very nimble when in or above water. (Stealth+, EV+, Speed+++)))
((Your lower body shifts to a powerful aquatic tail in water.))
((You have a pair of small horns on your head.))
You have a somewhat thin skeletal structure. (Dex +2, Stealth+)
You occasionally lose the ability to read scrolls when taking damage.
You passively dampen the noise of your surroundings.


Message History

The seven-headed hydra is moderately wounded.
The seven-headed hydra completely misses you.
The seven-headed hydra bites you.
The seven-headed hydra completely misses you.
The seven-headed hydra closely misses you.
The seven-headed hydra completely misses you.
The seven-headed hydra bites you. x2
You bite the seven-headed hydra!
The seven-headed hydra is heavily wounded.
The seven-headed hydra completely misses you.
The seven-headed hydra closely misses you. x2
The seven-headed hydra completely misses you.
The seven-headed hydra misses you.
The seven-headed hydra completely misses you.
The seven-headed hydra barely misses you.
You feel better. The seven-headed hydra bites you!
The seven-headed hydra completely misses you. x2
The seven-headed hydra misses you.
The seven-headed hydra completely misses you.
The seven-headed hydra misses you. The seven-headed hydra bites you!
* * * LOW HITPOINT WARNING * * *
Unknown command.
You hit the seven-headed hydra but do no damage.
The seven-headed hydra is poisoned.
The seven-headed hydra is heavily wounded.
The seven-headed hydra misses you.
The seven-headed hydra closely misses you.
The seven-headed hydra bites you.
* * * LOW HITPOINT WARNING * * *
The seven-headed hydra completely misses you.
The seven-headed hydra bites you!
You feel threatened and lose the ability to read scrolls!
* * * LOW HITPOINT WARNING * * *
The seven-headed hydra completely misses you. x2
You feel much better.
The seven-headed hydra completely misses you. x2
The seven-headed hydra bites you. The seven-headed hydra bites you!
* * * LOW HITPOINT WARNING * * *
The seven-headed hydra bites you!
You die...

#....# ##
##...##
#.....#
##...##
#...# #...#
#...#
#...### #
#.s...#...
#.D.......
#...###...#
#...P# ...
#...## #.
#...# #....
##...#
##..#


You could see a seven-headed hydra (very poisoned).

Vanquished Creatures
  3 centaur warriors
  3 two-headed ogres
  Pikel (D:7)
  2 ugly things
  2 cyclopes
  A manticore (D:11)
  A troll (D:11)
  A hornet (D:8)
  2 wraiths (D:10)
  2 yaks (D:8)
  Eustachio (D:5)
  3 wyverns
  3 steam dragons
  A water moccasin (D:7)
  A black bear (D:6)
  5 orc warriors
  An ice beast (D:7)
  2 sky beasts
  4 centaurs
  2 kobold brigands
  7 bullfrogs
  A necrophage (D:7)
  4 scorpions
  10 wights
  Dowan (D:5)
  11 killer bees
  3 howler monkeys
  3 orc priests (D:9)
  3 hounds
  2 jellies
  An iguana (D:6)
  2 gnoll boudas
  8 orc wizards
  13 adders
  9 gnolls
  A shadow imp (D:8)
  2 white imps (D:6)
  4 worms
  2 dart slugs (D:2)
  34 orcs
  12 ball pythons
  3 bats
  4 endoplasms
  6 giant cockroaches
  8 goblins
  12 hobgoblins
  4 jackals (D:1)
  12 kobolds
  8 quokkas
  13 frilled lizards
  9 rats
253 creatures vanquished.

Vanquished Creatures (collateral kills)
  Duvessa (D:5)
1 creature vanquished.

Vanquished Creatures (others)
  An unseen horror (D:11)
  An orc wizard (D:8)
  3 orcs
  19 fungi
  13 plants
37 creatures vanquished.

Grand Total: 291 creatures vanquished

Notes
Turn   | Place    | Note
-------+----------+-------------------------------------------
     0 | D:1      | Icepheonix32 the Merfolk Transmuter began the quest for the
                  | Orb.
     0 | D:1      | Reached XP level 1. HP: 15/15 MP: 3/3
    82 | D:1      | Reached XP level 2. HP: 15/21 MP: 5/5
   382 | D:1      | Found Biczus's Antique Weapon Emporium.
   799 | D:1      | Reached XP level 3. HP: 25/26 MP: 4/6
  2081 | D:2      | Reached XP level 4. HP: 24/32 MP: 7/7
  2701 | D:2      | Found a faded altar of an unknown god.
  2782 | D:2      | Reached XP level 5. HP: 34/37 MP: 6/8
  3025 | D:2      | Found a white marble altar of Elyvilon.
  3154 | D:3      | Found a bloodstained altar of Trog.
  3471 | D:3      | Found a shimmering blue altar of Sif Muna.
  3515 | D:3      | Became a worshipper of Sif Muna the Loreminder
  3877 | D:4      | Found a glowing drain.
  3900 | Sewer    | Entered a sewer
  4050 | Sewer    | Reached skill level 5 in Dodging
  4050 | Sewer    | Reached skill level 1 in Stealth
  4050 | Sewer    | Reached skill level 1 in Evocations
  4050 | Sewer    | Reached XP level 6. HP: 11/44 MP: 8/10
  4184 | Sewer    | Reached * piety under Sif Muna
  4631 | D:4      | Reached skill level 5 in Unarmed Combat
  4631 | D:4      | Reached XP level 7. HP: 49/50 MP: 9/11
  4634 | D:4      | Learned a level 2 spell: Wereblood
  4638 | D:4      | Learned a level 3 spell: Spider Form
  5098 | D:5      | Entered Level 5 of the Dungeon
  5149 | D:5      | Noticed Dowan
  5149 | D:5      | Noticed Duvessa
  5173 | D:5      | Killed Dowan
  5174 | D:5      | Reached skill level 5 in Transmutations
  5174 | D:5      | Reached skill level 1 in Poison Magic
  5174 | D:5      | Killed Duvessa
  5293 | D:5      | Noticed Eustachio
  5332 | D:5      | Killed Eustachio
  5333 | D:5      | Reached XP level 8. HP: 57/57 MP: 9/12
  6173 | D:6      | Found a staircase to the Ecumenical Temple.
  6789 | D:6      | Learned a level 7 spell: Storm Form
  6997 | D:7      | Reached ** piety under Sif Muna
  7019 | D:7      | Noticed Pikel
  7038 | D:7      | Reached XP level 9. HP: 41/62 MP: 12/14
  7097 | D:7      | Reached skill level 1 in Air Magic
  7185 | D:7      | Killed Pikel
  7186 | D:7      | Reached skill level 1 in Armour
  7225 | D:7      | Noticed a two-headed ogre
  7244 | D:7      | Killed a two-headed ogre
  7427 | D:7      | Reached XP level 10. HP: 61/67 MP: 11/16
  7614 | D:7      | Reached skill level 5 in Evocations
  7911 | D:8      | Learned a level 5 spell: Alistair's Intoxication
  8220 | D:8      | Found a white marble altar of Elyvilon.
  8440 | D:8      | Found a staircase to the Lair.
  8580 | D:8      | Gained mutation: You have a pair of small horns on your
                  | head. [potion of mutation]
  8580 | D:8      | Gained mutation: You have a somewhat thin skeletal
                  | structure. (Dex +2, Stealth+) [potion of mutation]
  8580 | D:8      | Gained mutation: You occasionally lose the ability to read
                  | scrolls when taking damage. [potion of mutation]
  8580 | D:8      | Gained mutation: You passively dampen the noise of your
                  | surroundings. [potion of mutation]
  8705 | D:9      | Found a glowing silver altar of Zin.
  8724 | D:9      | Reached *** piety under Sif Muna
  8783 | D:9      | Reached skill level 5 in Spellcasting
  8951 | D:8      | Noticed a centaur warrior
  8976 | D:8      | Killed a centaur warrior
  8977 | D:8      | Noticed a cyclops
  8978 | D:8      | Noticed a centaur warrior
  8994 | D:8      | Killed a centaur warrior
  8995 | D:8      | Reached XP level 11. HP: 14/77 MP: 13/18
  9003 | D:8      | Identified the ring of Picreij {rC+ rCorr Int+4 Dex+4}
  9015 | D:8      | Noticed a red ugly thing
  9385 | D:8      | Killed a red ugly thing
  9387 | D:8      | Killed a cyclops
  9388 | D:8      | Reached skill level 5 in Poison Magic
  9545 | D:9      | Noticed a two-headed ogre
  9554 | D:9      | Killed a two-headed ogre
  9871 | D:10     | Entered Level 10 of the Dungeon
 10180 | D:10     | Noticed a cyclops
 10195 | D:10     | Killed a cyclops
 10196 | D:10     | Reached skill level 10 in Dodging
 10755 | D:11     | Noticed a manticore
 10776 | D:11     | Killed a manticore
 10777 | D:11     | Reached skill level 10 in Transmutations
 10848 | D:11     | Noticed an eight-headed hydra
 10962 | D:11     | Noticed a two-headed ogre
 10964 | D:11     | Noticed a red ugly thing
 10984 | D:11     | Killed a two-headed ogre
 10998 | D:11     | Killed a red ugly thing
 11022 | D:11     | Noticed a centaur warrior
 11034 | D:11     | Killed a centaur warrior
 11035 | D:11     | Reached skill level 5 in Air Magic
 11038 | D:11     | Reached **** piety under Sif Muna
 11085 | D:11     | Noticed a manticore
 11189 | Lair:1   | Entered Level 1 of the Lair of Beasts
 11223 | Lair:1   | Noticed a seven-headed hydra
 11241 | Lair:1   | Slain by a seven-headed hydra

Illustrated notes

Levels and vault maps discovered:
D:1:      dpeg_arrival_brainrot, layout_basic, serial_shops,
          nicolae_shop_hallway_plus, corexii_hall_statues_s
D:2:      layout_loops_ring, basic_altar, shapermc_ecumenical_altar_petra,
          grunt_decor_clamped, minmay_crystal_room, minmay_crystal_water,
          chequers_serial_rivers_micro_a, hex_large, kennysheep_generic_room_3
D:3:      layout_loops_ring, lemuel_crystal_altar,
          mainiacjoe_overflow_six_doors_small
D:4:      layout_loops_ring, portal_sewer_entry_b, serial_aquarium,
          aquarium_bridge_long_joined [aquarium_subvault_bridge,
          aquarium_subvault_balcony, aquarium_subvault_bridge,
          aquarium_subvault_wall, aquarium_subvault_bridge,
          aquarium_subvault_balcony], aquarium_window_1, aquarium_window_2,
          aquarium_window_2, aquarium_window_fake, aquarium_view_2c,
          aquarium_balcony_3b, aquarium_pool_S
D:5:      layout_basic, uniq_duvessa, uniq_eustachio
D:6:      layout_gridville, temple_fountains
D:7:      layout_loops_cross, uniq_pikel
D:8:      cheibrodos_elevator_heist, layout_basic, mainiacjoe_overflow_catwalk,
          grunt_lair_entry_orc_guard_hut
D:9:      layout_big_octagon, zin_scriptorium
D:10:     cheibrodos_iron_armory, layout_basic
D:11:     regret_index_wax_grids, layout_loops_ring
Lair:1:   layout_concentric_octagons, gammafunk_ghost_abyssal_escape,
          grunt_megastairs_5

Skill      XL: |  1  2  3  4  5  6  7  8  9 10 11 |
---------------+----------------------------------+-----
Dodging        | 3 4 5 6 7 9 10 | 10.4
Transmutations | 3 4 5 6 7 9 10 | 10.4
Unarmed Combat | 4 5 7 |  7.0
Stealth        | 1 2 3 4 |  4.5
Evocations     | 1 2 3 4 6 |  6.9
Fighting       | 2 3 4 |  4.6
Spellcasting   | 3 4 5 |  5.9
Poison Magic   | 1 3 4 5 |  5.4
Air Magic      | 2 4 5 |  5.0
Armour         | 1 2 |  2.2
Throwing       | |  0.3

Action                   |  1- 3 |  4- 6 |  7- 9 | 10-12 || total
-------------------------+-------+-------+-------+-------++-------
Melee: Unarmed           |   147 |   273 |   259 |   413 ||  1092
       Headbutt          |    15 |    32 |     6 |     9 ||    62
       Punch             |     3 |     8 |       |       ||    11
       Tailslap          |       |    14 |       |       ||    14
Throw: Boomerang         |       |       |       |     3 ||     3
 Cast: Beastly Appendage |    21 |    35 |     6 |     1 ||    63
       Spider Form       |       |       |    22 |    33 ||    55
       Wereblood         |       |       |     3 |     3 ||     6
       Alistair's Intoxi |       |       |       |     4 ||     4
Evoke: Wand              |       |       |     2 |       ||     2
  Use: Potion            |     2 |     4 |     1 |    12 ||    19
       Scroll            |       |    10 |     5 |     4 ||    19
 Stab: Sleeping          |       |     4 |     2 |     4 ||    10
       Confused          |       |       |       |     4 ||     4
Armor: Robe              |    20 |    31 |     2 |       ||    53
       Skin              |    20 |     1 |    26 |    28 ||    75
       Leather armour    |       |       |    29 |    13 ||    42
Dodge: Dodged            |   114 |   179 |   260 |   580 ||  1133
